Hurricanes vs Lightning

Created - October 22 2011 at 10:21

Goals
1 2 3 T
Hurricanes 1 0 1 2
Lightning 1 2 0 3
Shots
1 2 3 T
Hurricanes 15 5 6 26
Lightning 11 14 12 37

Period #1

1. Hurricanes , Eric Staal 3 (Sergei Gonchar, Anton Stralman) at 3:49 (PP)
2. Lightning , Patrick Sharp 4 (Martin Havlat, Tim Gleason) at 9:22 (PP)

Penalties :
Tim Gleason (TBL) for Hooking (Minor) at 2:07, Mike Weber (CAR) for Boarding (Major) at 8:27, Scott Hartnell (TBL) for Hooking (Minor) at 14:22, Maxime Talbot (TBL) for Slashing (Minor) at 15:23, Patrick Sharp (TBL) for Holding (Minor) at 19:27, Brad Boyes (CAR) for Charging (Minor) at 19:27

Period #2

3. Lightning , Scott Hartnell 2 (Andy Sutton, Marcel Goc) at 5:03
4. Lightning , Andrej Meszaros 1 (Patrick Sharp, Tomas Plekanec) at 15:47 (PP)

Penalties :
Mike Weber (CAR) for Hooking (Minor) at 7:04, Martin Hanzal (CAR) for Interference (Minor) at 15:06

Period #3

5. Hurricanes , Jaroslav Spacek 1 (Thomas Vanek, Ryan Wilson) at 2:38

Penalties :
Andrej Meszaros (TBL) for Interference (Minor) at 0:55, Martin Hanzal (CAR) for Hooking (Minor) at 0:55, Chris Thorburn (CAR) for Tripping (Minor) at 3:11, Ryan Wilson (CAR) for Hooking (Minor) at 14:01, Jaroslav Spacek (CAR) for Hooking (Minor) at 19:45

Goalie Stats

Brian Elliott (CAR), 34 saves from 37 shots - (0.919), L, 2-4-0, 59:19 minutes
Jaroslav Halak (TBL), 24 saves from 26 shots - (0.923), W, 2-3-1, 60:00 minutes

Players Stats

Hurricanes
Player Name              G  A  P  +/- PIM S  H  SB FO    MP 
------------------------------------------------------------
Anton Stralman           0  1  1  -1  0   0  2  4  0/0   18 
Brad Boyes               0  0  0  -1  2   1  0  0  2/5   20 
Chris Thorburn           0  0  0   1  2   0  0  0  2/3   21 
Eric Staal               1  0  1  -1  0   7  1  0  20/35 25 
Jarome Iginla            0  0  0   0  0   8  0  0  3/8   23 
Jaroslav Spacek          1  0  1   1  2   2  2  3  0/0   21 
Johnny Oduya             0  0  0   0  0   0  1  0  0/0   18 
Martin Hanzal            0  0  0   0  4   0  1  0  14/23 18 
Matt Cooke               0  0  0   0  0   0  0  0  0/0   2  
Matt Hunwick             0  0  0   0  0   0  0  0  0/0   0  
Michael Ryder            0  0  0   0  0   0  0  0  0/0   0  
Mike Fisher              0  0  0   0  0   1  1  0  8/11  14 
Mike Weber               0  0  0   0  7   1  3  0  0/0   16 
Ryan Shannon             0  0  0   0  0   1  0  0  0/0   12 
Ryan Wilson              0  1  1   1  2   0  0  1  0/0   20 
Sergei Gonchar           0  1  1  -1  0   0  0  2  0/0   24 
Shawn Thornton           0  0  0   0  0   1  2  0  0/1   12 
Thomas Vanek             0  1  1   0  0   4  1  1  0/3   18 
Lightning
Player Name              G  A  P  +/- PIM S  H  SB FO    MP 
------------------------------------------------------------
Andrej Meszaros          1  0  1   0  2   6  0  0  0/0   22 
Andy Sutton              0  1  1   1  0   0  0  3  0/0   18 
Barret Jackman           0  0  0   0  0   2  0  0  0/0   14 
Brent Seabrook           0  0  0   0  0   2  2  1  0/0   21 
Ilya Kovalchuk           0  0  0   0  0   2  0  0  0/3   17 
John Erskine             0  0  0  -1  0   0  0  0  0/0   3  
Marcel Goc               0  1  1   1  0   1  0  0  12/18 17 
Martin Havlat            0  1  1  -1  0   2  0  0  0/4   19 
Maxime Talbot            0  0  0   0  2   1  0  0  0/0   6  
Nick Spaling             0  0  0   1  0   2  0  1  0/2   15 
Niklas Kronwall          0  0  0  -1  0   0  0  1  0/0   21 
Patrick Kane             0  0  0   0  0   3  0  0  0/2   17 
Patrick Sharp            1  1  2   0  2   8  1  0  1/2   20 
Paul Stastny             0  0  0   0  0   4  1  0  15/29 18 
Scott Hartnell           1  0  1   0  2   2  4  1  3/6   19 
Steve Begin              0  0  0   0  0   0  0  0  1/3   3  
Tim Gleason              0  1  1   1  2   1  4  1  0/0   21 
Tomas Plekanec           0  1  1   0  0   1  1  0  8/20  20 

3 Stars

1 - Jaroslav Spacek (CAR)
2 - Patrick Sharp (TBL)
3 - Scott Hartnell (TBL)

Power Play

Hurricanes - 1 on 3 Attempt(s) - 33.33%
Lightning - 2 on 6 Attempt(s) - 33.33%

Penalty Kill

Hurricanes - 4 on 6 Attempt(s) - 66.67% - Score 0 goal in Penalty Kill
Lightning - 2 on 3 Attempt(s) - 66.67% - Score 0 goal in Penalty Kill

Game Notes

No Game Note

Finance

Level 1 -- Attendance: 4043 (62.20%) -- Ticket Income $505,375.00
Level 2 -- Attendance: 3250 (65.00%) -- Ticket Income $227,500.00
Level 3 -- Attendance: 2209 (63.11%) -- Ticket Income $92,778.00
Level 4 -- Attendance: 1363 (36.27%) -- Ticket Income $40,890.00
Luxury Box -- Attendance: 623 (62.30%) -- Ticket Income $155,750.00
Game was played at the St.Pete Times Forum
Total Attendance: 11488 (58.14%)
Total Ticket Income: $1,049,979.00
Other Income: $221,616.00
Total Income: $1,271,595.00


Play by Play

Period #1

0:01 of 1st period - Eric Staal wins face-off versus Tomas Plekanec in neutral zone.
0:24 of 1st period - Shot by Thomas Vanek.
0:24 of 1st period - Stopped by Jaroslav Halak without a rebound.
0:25 of 1st period - Martin Hanzal wins face-off versus Paul Stastny in Lightning zone.
0:29 of 1st period - Icing by Andrej Meszaros.
0:30 of 1st period - Mike Fisher wins face-off versus Paul Stastny in Lightning zone.
0:33 of 1st period - Shot by Mike Fisher.
0:33 of 1st period - Stopped by Jaroslav Halak with a rebound.
1:12 of 1st period - Icing by Ryan Wilson.
1:13 of 1st period - Mike Fisher wins face-off versus Tomas Plekanec in Hurricanes zone.
1:50 of 1st period - Shot by Martin Havlat.
1:50 of 1st period - Stopped by Brian Elliott with a rebound.
1:55 of 1st period - Icing by Sergei Gonchar.
1:56 of 1st period - Eric Staal wins face-off versus Nick Spaling in Hurricanes zone.
1:56 of 1st period - Eric Staal is hit by Scott Hartnell.
2:07 of 1st period - Minor Penalty to Tim Gleason for Hooking.
2:08 of 1st period - Marcel Goc wins face-off versus Thomas Vanek in Lightning zone.
2:29 of 1st period - Shot by Brad Boyes.
2:29 of 1st period - Stopped by Jaroslav Halak without a rebound.
2:30 of 1st period - Marcel Goc wins face-off versus Eric Staal in Lightning zone.
2:43 of 1st period - Shot by Eric Staal.
2:43 of 1st period - Stopped by Jaroslav Halak with a rebound.
2:47 of 1st period - Shot by Eric Staal.
2:47 of 1st period - Stopped by Jaroslav Halak with a rebound.
2:49 of 1st period - Shot by Sergei Gonchar.
2:49 of 1st period - Shot Misses the Net.
2:51 of 1st period - Shot by Jarome Iginla.
2:51 of 1st period - Stopped by Jaroslav Halak without a rebound.
2:52 of 1st period - Brad Boyes wins face-off versus Marcel Goc in Lightning zone.
3:21 of 1st period - Shot by Jarome Iginla.
3:21 of 1st period - Stopped by Jaroslav Halak without a rebound.
3:22 of 1st period - Tomas Plekanec wins face-off versus Jarome Iginla in Lightning zone.
3:35 of 1st period - Shot by Jarome Iginla.
3:35 of 1st period - Shot Misses the Net.
3:37 of 1st period - Shot by Chris Thorburn.
3:37 of 1st period - Shot Misses the Net.
3:39 of 1st period - Shot by Jarome Iginla.
3:39 of 1st period - Shot Blocked by Andy Sutton.
3:41 of 1st period - Shot by Anton Stralman.
3:41 of 1st period - Shot Blocked by Andy Sutton.
3:43 of 1st period - Shot by Sergei Gonchar.
3:43 of 1st period - Shot Misses the Net.
3:47 of 1st period - Shot by Eric Staal.
3:47 of 1st period - Shot Blocked by Andy Sutton.
3:49 of 1st period - Shot by Eric Staal.
3:49 of 1st period - Goal by Eric Staal - Hurricanes : 1 - Lightning : 0.
3:50 of 1st period - Martin Hanzal wins face-off versus Paul Stastny in neutral zone.
4:04 of 1st period - Icing by Barret Jackman.
4:05 of 1st period - Mike Fisher wins face-off versus Paul Stastny in Lightning zone.
4:56 of 1st period - Shot by Scott Hartnell.
4:56 of 1st period - Shot Misses the Net.
4:58 of 1st period - Shot by Scott Hartnell.
4:58 of 1st period - Shot Misses the Net.
5:02 of 1st period - Shot by Marcel Goc.
5:02 of 1st period - Stopped by Brian Elliott without a rebound.
5:03 of 1st period - Tomas Plekanec wins face-off versus Eric Staal in Hurricanes zone.
5:03 of 1st period - Tomas Plekanec is hit by Anton Stralman.
5:09 of 1st period - Shot by Patrick Sharp.
5:09 of 1st period - Stopped by Brian Elliott with a rebound.
5:29 of 1st period - Shot by Martin Havlat.
5:29 of 1st period - Stopped by Brian Elliott without a rebound.
5:30 of 1st period - Marcel Goc wins face-off versus Eric Staal in Hurricanes zone.
5:40 of 1st period - Andy Sutton is hit by Jaroslav Spacek and loses puck.
5:54 of 1st period - Eric Staal is hit by Tim Gleason.
6:19 of 1st period - Thomas Vanek is hit by Tim Gleason and loses puck.
6:46 of 1st period - Icing by Andy Sutton.
6:47 of 1st period - Mike Fisher wins face-off versus Marcel Goc in Lightning zone.
6:47 of 1st period - Ryan Wilson is hit by Tim Gleason and loses puck.
6:50 of 1st period - Shot by Shawn Thornton.
6:50 of 1st period - Shot Misses the Net.
6:52 of 1st period - Shot by Mike Fisher.
6:52 of 1st period - Shot Misses the Net.
7:38 of 1st period - Shot by Jarome Iginla.
7:38 of 1st period - Shot Misses the Net.
7:54 of 1st period - Shot by Jarome Iginla.
7:54 of 1st period - Shot Misses the Net.
8:22 of 1st period - Shot by Ilya Kovalchuk.
8:22 of 1st period - Stopped by Brian Elliott without a rebound.
8:23 of 1st period - Paul Stastny wins face-off versus Mike Fisher in Hurricanes zone.
8:23 of 1st period - Ilya Kovalchuk is hit by Mike Weber and loses puck.
8:27 of 1st period - Major Penalty to Mike Weber for Boarding.
8:28 of 1st period - Eric Staal wins face-off versus Ilya Kovalchuk in Hurricanes zone.
8:28 of 1st period - Johnny Oduya is hit by Paul Stastny and loses puck.
8:36 of 1st period - Icing by Ilya Kovalchuk.
8:37 of 1st period - Paul Stastny wins face-off versus Martin Hanzal in Lightning zone.
8:48 of 1st period - Shot by Jaroslav Spacek.
8:48 of 1st period - Stopped by Jaroslav Halak with a rebound.
9:08 of 1st period - Shot by Patrick Kane.
9:08 of 1st period - Shot Misses the Net.
9:10 of 1st period - Shot by Ilya Kovalchuk.
9:10 of 1st period - Stopped by Brian Elliott without a rebound.
9:11 of 1st period - Martin Hanzal wins face-off versus Martin Havlat in Hurricanes zone.
9:22 of 1st period - Shot by Patrick Sharp.
9:22 of 1st period - Goal by Patrick Sharp - Hurricanes : 1 - Lightning : 1.
9:23 of 1st period - Paul Stastny wins face-off versus Jarome Iginla in neutral zone.
9:39 of 1st period - Icing by Niklas Kronwall.
9:40 of 1st period - Martin Hanzal wins face-off versus Paul Stastny in Lightning zone.
10:58 of 1st period - Shot by Ilya Kovalchuk.
10:58 of 1st period - Shot Misses the Net.
11:26 of 1st period - Shot by Patrick Sharp.
11:26 of 1st period - Shot Blocked by Jaroslav Spacek.
11:30 of 1st period - Shot by Andrej Meszaros.
11:30 of 1st period - Shot Misses the Net.
11:32 of 1st period - Shot by Andrej Meszaros.
11:32 of 1st period - Stopped by Brian Elliott without a rebound.
11:33 of 1st period - Mike Fisher wins face-off versus Steve Begin in Hurricanes zone.
11:41 of 1st period - Off-side.
11:42 of 1st period - Martin Hanzal wins face-off versus Ilya Kovalchuk in neutral zone.
11:51 of 1st period - Shot by Patrick Kane.
11:51 of 1st period - Stopped by Brian Elliott without a rebound.
11:52 of 1st period - Tomas Plekanec wins face-off versus Martin Hanzal in Hurricanes zone.
12:13 of 1st period - Shot by Andy Sutton.
12:13 of 1st period - Deflect By Patrick Sharp.
12:13 of 1st period - Shot Misses the Net.
12:15 of 1st period - Shot by Patrick Sharp.
12:15 of 1st period - Stopped by Brian Elliott with a rebound.
12:17 of 1st period - Shot by Tomas Plekanec.
12:17 of 1st period - Shot Misses the Net.
12:41 of 1st period - Shot by Brent Seabrook.
12:41 of 1st period - Stopped by Brian Elliott without a rebound.
12:42 of 1st period - Paul Stastny wins face-off versus Eric Staal in Hurricanes zone.
12:42 of 1st period - Ilya Kovalchuk is hit by Johnny Oduya and loses puck.
13:11 of 1st period - Shot by Niklas Kronwall.
13:11 of 1st period - Shot Misses the Net.
14:06 of 1st period - Icing by Andy Sutton.
14:07 of 1st period - Eric Staal wins face-off versus Nick Spaling in Lightning zone.
14:22 of 1st period - Minor Penalty to Scott Hartnell for Hooking.
14:23 of 1st period - Tomas Plekanec wins face-off versus Eric Staal in Lightning zone.
14:40 of 1st period - Shot by Eric Staal.
14:40 of 1st period - Shot Blocked by Niklas Kronwall.
14:42 of 1st period - Shot by Jarome Iginla.
14:42 of 1st period - Shot Misses the Net.
14:44 of 1st period - Shot by Jarome Iginla.
14:44 of 1st period - Stopped by Jaroslav Halak without a rebound.
14:45 of 1st period - Brad Boyes wins face-off versus Marcel Goc in Lightning zone.
14:58 of 1st period - Shot by Thomas Vanek.
14:58 of 1st period - Stopped by Jaroslav Halak with a rebound.
15:12 of 1st period - Shot by Brad Boyes.
15:12 of 1st period - Deflect By Thomas Vanek.
15:12 of 1st period - Shot Misses the Net.
15:23 of 1st period - Minor Penalty to Maxime Talbot for Slashing.
15:24 of 1st period - Eric Staal wins face-off versus Patrick Kane in Lightning zone.
15:27 of 1st period - Shot by Eric Staal.
15:27 of 1st period - Stopped by Jaroslav Halak without a rebound.
15:28 of 1st period - Patrick Sharp wins face-off versus Eric Staal in Lightning zone.
15:33 of 1st period - Shot by Jarome Iginla.
15:33 of 1st period - Stopped by Jaroslav Halak without a rebound.
15:34 of 1st period - Eric Staal wins face-off versus Tomas Plekanec in Lightning zone.
15:42 of 1st period - Icing by Jarome Iginla.
15:43 of 1st period - Chris Thorburn wins face-off versus Tomas Plekanec in Hurricanes zone.
15:59 of 1st period - Icing by Sergei Gonchar.
16:00 of 1st period - Tomas Plekanec wins face-off versus Eric Staal in Hurricanes zone.
17:38 of 1st period - Shot by Mike Fisher.
17:38 of 1st period - Shot Misses the Net.
17:42 of 1st period - Shot by Matt Cooke.
17:42 of 1st period - Shot Misses the Net.
17:46 of 1st period - Shot by Matt Cooke.
17:46 of 1st period - Shot Blocked by Brent Seabrook.
17:50 of 1st period - Shot by Mike Weber.
17:50 of 1st period - Stopped by Jaroslav Halak with a rebound.
17:52 of 1st period - Shot by Ryan Shannon.
17:52 of 1st period - Stopped by Jaroslav Halak without a rebound.
17:53 of 1st period - Marcel Goc wins face-off versus Mike Fisher in Lightning zone.
18:04 of 1st period - Nick Spaling is hit by Shawn Thornton and loses puck.
19:03 of 1st period - Shot by Ilya Kovalchuk.
19:03 of 1st period - Shot Misses the Net.
19:27 of 1st period - Minor Penalty to Patrick Sharp for Holding.
19:27 of 1st period - Minor Penalty to Brad Boyes for Charging.
19:28 of 1st period - Scott Hartnell wins face-off versus Jarome Iginla in neutral zone.
19:30 of 1st period - Martin Havlat is hit by Martin Hanzal and loses puck.
19:35 of 1st period - Shot by Jarome Iginla.
19:35 of 1st period - Shot Misses the Net.
19:47 of 1st period - Jaroslav Spacek is hit by Scott Hartnell and loses puck.

Period #2

0:01 of 2nd period - Eric Staal wins face-off versus Paul Stastny in neutral zone.
0:12 of 2nd period - Shot by Paul Stastny.
0:12 of 2nd period - Shot Misses the Net.
0:14 of 2nd period - Shot by Paul Stastny.
0:14 of 2nd period - Stopped by Brian Elliott without a rebound.
0:15 of 2nd period - Scott Hartnell wins face-off versus Eric Staal in Hurricanes zone.
1:46 of 2nd period - Shot by Jarome Iginla.
1:46 of 2nd period - Stopped by Jaroslav Halak with a rebound.
3:04 of 2nd period - Shot by Barret Jackman.
3:04 of 2nd period - Stopped by Brian Elliott with a rebound.
3:08 of 2nd period - Shot by Ilya Kovalchuk.
3:08 of 2nd period - Deflect By Paul Stastny.
3:08 of 2nd period - Shot Misses the Net.
3:40 of 2nd period - Shot by Thomas Vanek.
3:40 of 2nd period - Stopped by Jaroslav Halak without a rebound.
3:41 of 2nd period - Tomas Plekanec wins face-off versus Eric Staal in Lightning zone.
3:54 of 2nd period - Shot by Patrick Sharp.
3:54 of 2nd period - Stopped by Brian Elliott with a rebound.
4:02 of 2nd period - Brent Seabrook is hit by Thomas Vanek and loses puck.
4:46 of 2nd period - Shot by Jarome Iginla.
4:46 of 2nd period - Shot Misses the Net.
4:55 of 2nd period - Off-side.
4:56 of 2nd period - Scott Hartnell wins face-off versus Eric Staal in neutral zone.
5:03 of 2nd period - Shot by Scott Hartnell.
5:03 of 2nd period - Goal by Scott Hartnell - Hurricanes : 1 - Lightning : 2.
5:04 of 2nd period - Mike Fisher wins face-off versus Ilya Kovalchuk in neutral zone.
5:32 of 2nd period - Off-side.
5:33 of 2nd period - Marcel Goc wins face-off versus Thomas Vanek in neutral zone.
5:35 of 2nd period - Scott Hartnell is hit by Anton Stralman and loses puck.
6:04 of 2nd period - Shot by Brad Boyes.
6:04 of 2nd period - Deflect By Thomas Vanek.
6:04 of 2nd period - Shot Misses the Net.
6:11 of 2nd period - Icing by Tim Gleason.
6:12 of 2nd period - Marcel Goc wins face-off versus Martin Hanzal in Lightning zone.
6:14 of 2nd period - Icing by Scott Hartnell.
6:15 of 2nd period - Martin Hanzal wins face-off versus Marcel Goc in Lightning zone.
6:16 of 2nd period - Shot by Jarome Iginla.
6:16 of 2nd period - Shot Blocked by Nick Spaling.
6:19 of 2nd period - Icing by Tim Gleason.
6:20 of 2nd period - Martin Hanzal wins face-off versus Marcel Goc in Lightning zone.
6:41 of 2nd period - Shot by Jarome Iginla.
6:41 of 2nd period - Stopped by Jaroslav Halak without a rebound.
6:42 of 2nd period - Mike Fisher wins face-off versus Paul Stastny in Lightning zone.
6:48 of 2nd period - Paul Stastny is hit by Mike Weber and loses puck.
7:04 of 2nd period - Minor Penalty to Mike Weber for Hooking.
7:05 of 2nd period - Eric Staal wins face-off versus Tomas Plekanec in Hurricanes zone.
7:23 of 2nd period - Off-side.
7:24 of 2nd period - Martin Hanzal wins face-off versus Paul Stastny in neutral zone.
7:39 of 2nd period - Icing by Brent Seabrook.
7:40 of 2nd period - Martin Hanzal wins face-off versus Paul Stastny in Lightning zone.
7:45 of 2nd period - Shot by Martin Hanzal.
7:45 of 2nd period - Deflect By Chris Thorburn.
7:45 of 2nd period - Shot Misses the Net.
8:41 of 2nd period - Shot by Andrej Meszaros.
8:41 of 2nd period - Stopped by Brian Elliott without a rebound.
8:42 of 2nd period - Tomas Plekanec wins face-off versus Eric Staal in Hurricanes zone.
8:55 of 2nd period - Shot by Patrick Sharp.
8:55 of 2nd period - Shot Misses the Net.
8:57 of 2nd period - Shot by Patrick Sharp.
8:57 of 2nd period - Shot Misses the Net.
8:59 of 2nd period - Shot by Andrej Meszaros.
8:59 of 2nd period - Shot Blocked by Ryan Wilson.
9:03 of 2nd period - Shot by Tomas Plekanec.
9:03 of 2nd period - Stopped by Brian Elliott without a rebound.
9:04 of 2nd period - Eric Staal wins face-off versus Marcel Goc in Hurricanes zone.
9:04 of 2nd period - Eric Staal is hit by Scott Hartnell.
9:13 of 2nd period - Thomas Vanek is hit by Brent Seabrook and loses puck.
9:21 of 2nd period - Brent Seabrook is hit by Eric Staal and loses puck.
9:34 of 2nd period - Shot by Scott Hartnell.
9:34 of 2nd period - Shot Misses the Net.
9:38 of 2nd period - Shot by Brent Seabrook.
9:38 of 2nd period - Shot Blocked by Anton Stralman.
9:42 of 2nd period - Shot by Scott Hartnell.
9:42 of 2nd period - Shot Blocked by Thomas Vanek.
10:32 of 2nd period - Shot by Mike Fisher.
10:32 of 2nd period - Shot Misses the Net.
10:34 of 2nd period - Shot by Shawn Thornton.
10:34 of 2nd period - Stopped by Jaroslav Halak without a rebound.
10:35 of 2nd period - Jarome Iginla wins face-off versus Tomas Plekanec in Lightning zone.
11:02 of 2nd period - Shot by Martin Havlat.
11:02 of 2nd period - Shot Misses the Net.
11:27 of 2nd period - Mike Fisher is hit by Tomas Plekanec and loses puck.
11:49 of 2nd period - Scott Hartnell is hit by Mike Fisher and loses puck.
12:02 of 2nd period - Shot by Nick Spaling.
12:02 of 2nd period - Stopped by Brian Elliott with a rebound.
12:04 of 2nd period - Shot by Nick Spaling.
12:04 of 2nd period - Shot Misses the Net.
12:06 of 2nd period - Shot by Tim Gleason.
12:06 of 2nd period - Stopped by Brian Elliott with a rebound.
12:31 of 2nd period - Icing by Andrej Meszaros.
12:32 of 2nd period - Eric Staal wins face-off versus Patrick Kane in Lightning zone.
12:55 of 2nd period - Shot by Patrick Kane.
12:55 of 2nd period - Stopped by Brian Elliott without a rebound.
12:56 of 2nd period - Martin Hanzal wins face-off versus Tomas Plekanec in Hurricanes zone.
13:17 of 2nd period - Shot by Jarome Iginla.
13:17 of 2nd period - Shot Misses the Net.
14:06 of 2nd period - Shot by Scott Hartnell.
14:06 of 2nd period - Shot Misses the Net.
14:43 of 2nd period - Icing by Shawn Thornton.
14:44 of 2nd period - Paul Stastny wins face-off versus Mike Fisher in Hurricanes zone.
15:06 of 2nd period - Minor Penalty to Martin Hanzal for Interference.
15:07 of 2nd period - Paul Stastny wins face-off versus Jarome Iginla in Hurricanes zone.
15:20 of 2nd period - Shot by Paul Stastny.
15:20 of 2nd period - Stopped by Brian Elliott without a rebound.
15:21 of 2nd period - Jarome Iginla wins face-off versus Tomas Plekanec in Hurricanes zone.
15:41 of 2nd period - Shot by Patrick Sharp.
15:41 of 2nd period - Stopped by Brian Elliott with a rebound.
15:43 of 2nd period - Shot by Patrick Sharp.
15:43 of 2nd period - Stopped by Brian Elliott with a rebound.
15:45 of 2nd period - Shot by Patrick Sharp.
15:45 of 2nd period - Stopped by Brian Elliott with a rebound.
15:47 of 2nd period - Shot by Andrej Meszaros.
15:47 of 2nd period - Goal by Andrej Meszaros - Hurricanes : 1 - Lightning : 3.
15:48 of 2nd period - Marcel Goc wins face-off versus Thomas Vanek in neutral zone.
16:21 of 2nd period - Shot by Brad Boyes.
16:21 of 2nd period - Shot Misses the Net.
16:25 of 2nd period - Shot by Brad Boyes.
16:25 of 2nd period - Shot Misses the Net.
18:03 of 2nd period - Shot by Eric Staal.
18:03 of 2nd period - Shot Blocked by Tim Gleason.
18:52 of 2nd period - Shot by Martin Hanzal.
18:52 of 2nd period - Shot Misses the Net.
18:54 of 2nd period - Shot by Ryan Shannon.
18:54 of 2nd period - Deflect By Jarome Iginla.
18:54 of 2nd period - Stopped by Jaroslav Halak without a rebound.
18:55 of 2nd period - Mike Fisher wins face-off versus Martin Havlat in Lightning zone.
19:58 of 2nd period - Icing by Ilya Kovalchuk.
19:59 of 2nd period - Paul Stastny wins face-off versus Martin Hanzal in Lightning zone.

Period #3

0:01 of 3rd period - Eric Staal wins face-off versus Tomas Plekanec in neutral zone.
0:10 of 3rd period - Icing by Sergei Gonchar.
0:11 of 3rd period - Paul Stastny wins face-off versus Brad Boyes in Hurricanes zone.
0:48 of 3rd period - Shot by Eric Staal.
0:48 of 3rd period - Shot Hit the Post.
0:55 of 3rd period - Minor Penalty to Andrej Meszaros for Interference.
0:55 of 3rd period - Minor Penalty to Martin Hanzal for Hooking.
0:56 of 3rd period - Eric Staal wins face-off versus Scott Hartnell in Lightning zone.
1:03 of 3rd period - Shot by Eric Staal.
1:03 of 3rd period - Stopped by Jaroslav Halak without a rebound.
1:04 of 3rd period - Eric Staal wins face-off versus Martin Havlat in Lightning zone.
1:11 of 3rd period - Shot by Jarome Iginla.
1:11 of 3rd period - Deflect By Eric Staal.
1:11 of 3rd period - Shot Misses the Net.
1:16 of 3rd period - Icing by Brent Seabrook.
1:17 of 3rd period - Chris Thorburn wins face-off versus Scott Hartnell in Lightning zone.
1:18 of 3rd period - Shot by Jarome Iginla.
1:18 of 3rd period - Stopped by Jaroslav Halak without a rebound.
1:19 of 3rd period - Jarome Iginla wins face-off versus Paul Stastny in Lightning zone.
1:38 of 3rd period - Shot by Thomas Vanek.
1:38 of 3rd period - Stopped by Jaroslav Halak without a rebound.
1:39 of 3rd period - Eric Staal wins face-off versus Scott Hartnell in Lightning zone.
2:36 of 3rd period - Shot by Thomas Vanek.
2:36 of 3rd period - Shot Blocked by Scott Hartnell.
2:38 of 3rd period - Shot by Jaroslav Spacek.
2:38 of 3rd period - Goal by Jaroslav Spacek - Hurricanes : 2 - Lightning : 3.
2:39 of 3rd period - Paul Stastny wins face-off versus Brad Boyes in neutral zone.
3:11 of 3rd period - Minor Penalty to Chris Thorburn for Tripping.
3:12 of 3rd period - Martin Hanzal wins face-off versus Tomas Plekanec in Hurricanes zone.
3:12 of 3rd period - Martin Hanzal is hit by Patrick Sharp.
3:22 of 3rd period - Shot by Patrick Sharp.
3:22 of 3rd period - Shot Misses the Net.
3:26 of 3rd period - Shot by Patrick Sharp.
3:26 of 3rd period - Shot Misses the Net.
3:28 of 3rd period - Shot by Andrej Meszaros.
3:28 of 3rd period - Stopped by Brian Elliott without a rebound.
3:29 of 3rd period - Paul Stastny wins face-off versus Eric Staal in Hurricanes zone.
3:30 of 3rd period - Shot by Patrick Kane.
3:30 of 3rd period - Stopped by Brian Elliott without a rebound.
3:31 of 3rd period - Paul Stastny wins face-off versus Eric Staal in Hurricanes zone.
4:53 of 3rd period - Shot by Patrick Sharp.
4:53 of 3rd period - Shot Blocked by Sergei Gonchar.
4:55 of 3rd period - Shot by Andrej Meszaros.
4:55 of 3rd period - Stopped by Brian Elliott without a rebound.
4:56 of 3rd period - Paul Stastny wins face-off versus Jarome Iginla in Hurricanes zone.
5:16 of 3rd period - Ryan Wilson is hit by Tim Gleason and loses puck.
5:35 of 3rd period - Off-side.
5:36 of 3rd period - Paul Stastny wins face-off versus Eric Staal in neutral zone.
6:05 of 3rd period - Shot by Ilya Kovalchuk.
6:05 of 3rd period - Deflect By Paul Stastny.
6:05 of 3rd period - Stopped by Brian Elliott without a rebound.
6:06 of 3rd period - Tomas Plekanec wins face-off versus Martin Hanzal in Hurricanes zone.
6:06 of 3rd period - Tomas Plekanec is hit by Jaroslav Spacek.
6:19 of 3rd period - Jarome Iginla is hit by Brent Seabrook and loses puck.
7:23 of 3rd period - Andy Sutton is hit by Shawn Thornton and loses puck.
8:32 of 3rd period - Shot by Martin Havlat.
8:32 of 3rd period - Shot Misses the Net.
9:46 of 3rd period - Shot by Ilya Kovalchuk.
9:46 of 3rd period - Deflect By Paul Stastny.
9:46 of 3rd period - Shot Blocked by Anton Stralman.
9:48 of 3rd period - Shot by Maxime Talbot.
9:48 of 3rd period - Stopped by Brian Elliott with a rebound.
9:50 of 3rd period - Shot by Maxime Talbot.
9:50 of 3rd period - Deflect By Paul Stastny.
9:50 of 3rd period - Stopped by Brian Elliott without a rebound.
9:51 of 3rd period - Martin Hanzal wins face-off versus Tomas Plekanec in Hurricanes zone.
10:05 of 3rd period - Shot by Jarome Iginla.
10:05 of 3rd period - Deflect By Martin Hanzal.
10:05 of 3rd period - Shot Misses the Net.
10:34 of 3rd period - Shot by Jarome Iginla.
10:34 of 3rd period - Shot Misses the Net.
10:41 of 3rd period - Icing by Niklas Kronwall.
10:42 of 3rd period - Eric Staal wins face-off versus Patrick Sharp in Lightning zone.
10:49 of 3rd period - Shot by Brad Boyes.
10:49 of 3rd period - Shot Misses the Net.
11:07 of 3rd period - Shot by Ilya Kovalchuk.
11:07 of 3rd period - Shot Misses the Net.
11:09 of 3rd period - Shot by Patrick Kane.
11:09 of 3rd period - Deflect By Paul Stastny.
11:09 of 3rd period - Shot Misses the Net.
11:11 of 3rd period - Shot by Andrej Meszaros.
11:11 of 3rd period - Stopped by Brian Elliott without a rebound.
11:12 of 3rd period - Marcel Goc wins face-off versus Martin Hanzal in Hurricanes zone.
11:28 of 3rd period - Off-side.
11:29 of 3rd period - Eric Staal wins face-off versus Paul Stastny in neutral zone.
11:34 of 3rd period - Shot by Eric Staal.
11:34 of 3rd period - Stopped by Jaroslav Halak without a rebound.
11:35 of 3rd period - Eric Staal wins face-off versus Paul Stastny in Lightning zone.
11:44 of 3rd period - Shot by Barret Jackman.
11:44 of 3rd period - Stopped by Brian Elliott without a rebound.
11:45 of 3rd period - Marcel Goc wins face-off versus Martin Hanzal in Hurricanes zone.
11:55 of 3rd period - Shot by Scott Hartnell.
11:55 of 3rd period - Shot Misses the Net.
11:59 of 3rd period - Shot by Marcel Goc.
11:59 of 3rd period - Shot Blocked by Jaroslav Spacek.
12:01 of 3rd period - Shot by Tim Gleason.
12:01 of 3rd period - Shot Blocked by Jaroslav Spacek.
12:24 of 3rd period - Shot by Scott Hartnell.
12:24 of 3rd period - Stopped by Brian Elliott with a rebound.
13:01 of 3rd period - Shot by Thomas Vanek.
13:01 of 3rd period - Deflect By Eric Staal.
13:01 of 3rd period - Stopped by Jaroslav Halak with a rebound.
13:15 of 3rd period - Shot by Patrick Kane.
13:15 of 3rd period - Deflect By Paul Stastny.
13:15 of 3rd period - Shot Misses the Net.
13:22 of 3rd period - Icing by Anton Stralman.
13:23 of 3rd period - Eric Staal wins face-off versus Tomas Plekanec in Hurricanes zone.
13:34 of 3rd period - Shot by Martin Havlat.
13:34 of 3rd period - Shot Misses the Net.
13:36 of 3rd period - Shot by Tomas Plekanec.
13:36 of 3rd period - Shot Blocked by Sergei Gonchar.
13:38 of 3rd period - Shot by Niklas Kronwall.
13:38 of 3rd period - Shot Blocked by Anton Stralman.
13:40 of 3rd period - Shot by Patrick Sharp.
13:40 of 3rd period - Shot Blocked by Anton Stralman.
13:42 of 3rd period - Shot by Brent Seabrook.
13:42 of 3rd period - Stopped by Brian Elliott with a rebound.
13:46 of 3rd period - Shot by Martin Havlat.
13:46 of 3rd period - Deflect By Patrick Sharp.
13:46 of 3rd period - Stopped by Brian Elliott without a rebound.
13:47 of 3rd period - Marcel Goc wins face-off versus Shawn Thornton in Hurricanes zone.
14:01 of 3rd period - Minor Penalty to Ryan Wilson for Hooking.
14:02 of 3rd period - Martin Hanzal wins face-off versus Martin Havlat in Hurricanes zone.
15:07 of 3rd period - Icing by Niklas Kronwall.
15:08 of 3rd period - Martin Hanzal wins face-off versus Paul Stastny in Lightning zone.
15:36 of 3rd period - Icing by Brent Seabrook.
15:37 of 3rd period - Paul Stastny wins face-off versus Eric Staal in Lightning zone.
16:51 of 3rd period - Icing by Andrej Meszaros.
16:52 of 3rd period - Eric Staal wins face-off versus Steve Begin in Lightning zone.
17:28 of 3rd period - Icing by Andrej Meszaros.
17:29 of 3rd period - Steve Begin wins face-off versus Chris Thorburn in Lightning zone.
17:41 of 3rd period - Icing by Brad Boyes.
17:42 of 3rd period - Marcel Goc wins face-off versus Brad Boyes in Hurricanes zone.
17:51 of 3rd period - Shot by Marcel Goc.
17:51 of 3rd period - Deflect By Scott Hartnell.
17:51 of 3rd period - Shot Misses the Net.
17:53 of 3rd period - Shot by Nick Spaling.
17:53 of 3rd period - Stopped by Brian Elliott without a rebound.
17:54 of 3rd period - Paul Stastny wins face-off versus Martin Hanzal in Hurricanes zone.
18:26 of 3rd period - Icing by Mike Weber.
18:27 of 3rd period - Marcel Goc wins face-off versus Martin Hanzal in Hurricanes zone.
18:27 of 3rd period - Scott Hartnell is hit by Mike Weber and loses puck.
19:05 of 3rd period - Hurricanes, Brian Elliott is pulled from the net.
19:13 of 3rd period - Jaroslav Spacek is hit by Scott Hartnell and loses puck.
19:45 of 3rd period - Minor Penalty to Jaroslav Spacek for Hooking.
19:46 of 3rd period - Brian Elliott from Hurricanes was sent back in the game.
19:46 of 3rd period - Eric Staal wins face-off versus Paul Stastny in Hurricanes zone.


Output by the SimonT Hockey Simulator (STHS) for Stephane Roy -- Original Page W3C XHTML 1.0 Valid